 Dungeon Sprint DCSS version 0.27.0-65-ge2af304b15 (webtiles) character file.

Game seed: 2089498334085783633

1948 ABBCCCDDDD the Fighter (level 8, -5/126 HPs)
             Began as a Minotaur Berserker on Aug 18, 2021.
             Was an Elder of Trog.
             Slain by a death drake (11 damage)
             ... in the Dungeon (Sprint II: "The Violet Keep of Menkaure").
             The game lasted 00:03:43 (1019 turns).

ABBCCCDDDD the Fighter (Minotaur Berserker)         Turns: 1019, Time: 00:03:44

Health: -5/126     AC:  3    Str: 24    XL:     8   Next: 98%
Magic:  7/7        EV: 15    Int:  4    God:    Trog [****..]
Gold:   768        SH:  0    Dex: 10    Spells: 7/7 levels left

rFire    . . .     SeeInvis .   a - +0 hand axe
rCold    . . .     Faith    .   (no shield)
rNeg     . . .     Spirit   .   b - +0 animal skin
rPois    .         Reflect  .   (helmet restricted)
rElec    .         Harm     .   (no cloak)
rCorr    .         Rampage  .   (no gloves)
Will     .....     NoTele   +   (no boots)
Stlth    ..........             (no amulet)
HPRegen  0.31/turn              (no ring)
MPRegen  0.10/turn              (no ring)

@: confused, berserking (expiring), lethally poisoned (-5 -> -6), very quick
A: horns 2, retaliatory headbutt
a: Renounce Religion, Berserk, Trog's Hand, Brothers in Arms


You were in the Dungeon.
You worshipped Trog.
Trog was greatly pleased with you.
You visited 1 branch You collected 810 gold pieces.
You spent 42 gold pieces at shops.

Inventory:

Hand Weapons
 a - a +0 hand axe (weapon)
Armour
 b - a +0 animal skin (worn)
Scrolls
 h - a scroll of blinking
Potions
 c - a potion of curing
 f - 2 potions of magic
 g - a potion of berserk rage


   Skills:
 + Level 12.3 Fighting
 + Level 12.3 Axes
 + Level 12.1 Armour
 + Level 11.2 Dodging


You had 7 spell levels left.
You didn't know any spells.
Your spell library was empty.

Dungeon Overview and Level Annotations

Branches:
Dungeon (1/1)

Altars:
Cheibriados
Dithmenos
Elyvilon
Fedhas
Gozag
Hepliaklqana
Kikubaaqudgha
Makhleb
Nemelex Xobeh
Okawaru
Qazlal
Ru
Sif Muna
Trog
Uskayaw
Vehumet
Wu Jian
Xom
Yredelemnul
Zin
The Shining One
Beogh
Jiyva
Lugonu

Shops:
D !?:(([!(:*:[=!=

Annotations:
D exclusion: oklob plant, Roxanne


Innate Abilities, Weirdness & Mutations

You have a pair of horns on your head.
You reflexively headbutt those who attack you in melee.


Message History

You furiously retaliate!
You headbutt the crystal guardian. You slash the crystal guardian!
The crystal guardian is heavily damaged.
You closely miss the swamp drake.
You hit the crystal guardian but do no damage.
The crystal guardian is heavily damaged.
You slash the swamp drake! The swamp drake barely misses you.
You barely miss the swamp drake. Your headbutt misses the swamp drake.
The swamp drake is severely wounded.
You hit the crystal guardian. The crystal guardian hits you!!
You slash the swamp drake!
The swamp drake is almost dead.
You hit the crystal guardian but do no damage.
The swamp drake breathes poison at you.
The noxious blast engulfs you but does no damage.
You are poisoned.
You closely miss the swamp drake. You headbutt the swamp drake.
You kill the swamp drake!
Trog accepts your kill.
You hit the crystal guardian.
You are engulfed in noxious fumes.
You choke on the stench!
You are confused.
You feel sick. The crystal guardian hits you!!
You are too injured to fight recklessly!
You are too injured to fight recklessly!
You bump into the stone wall.
You are engulfed in noxious fumes.
You choke on the stench!
You are more confused.
You feel sick.
The crystal guardian fires a crystalline bolt at you.
The crystal bolt burns you!!!
* * * LOW HITPOINT WARNING * * *
You hit the crystal guardian but do no damage.
You headbutt the crystal guardian.
The crystal guardian is heavily damaged.
You miss the death drake.
You are engulfed in noxious fumes.
You choke on the stench!
You are more confused.
The death drake bites you!
You die...

°°☼°SS≈**≈,,,***,*,,,************
°S○≈°≈**,≈,...,***,,,*≈≈≈≈≈≈≈≈***
++#+++##***^...*,##,,************
.......#,,+,,..*,.#,,*,,,,,,,,**,
##'##..#,,***#.*○k#,,*,,,,,,,,**,
#...##.####,,+^##.*,,*,,,,,,,,**,
..#..#....#,,#°°k#*##*,,,,,,,,**,
#.#.####..##**#8k#*.#*?$$$!,,,**,
##'##*.##..#,,+°@#,.#▓[[)?),,,**,
##.##B..#..#,,#°°#,.#▓($??)$,,**,
'.<.+#**+..####°.##.#▓((($$!$,**,
##.##.°B#.§.§###...##▓▓▓▓▓▓▓+****
##'##*.##..§...≈÷≈)≈≈≈≈≈≈≈≈≈,,,≈≈
#...##*#≈≈.....≈#'########+#**,≈≈
..#..#≈≈≈≈≈≈≈..≈#(._._._.#≈§§**≈≈
#...##≈§≈§≈≈≈≈§≈#._._._..#S≈§≈***
##'##≈≈§≈≈§≈≈≈≈≈#_._._._.#S≈≈≈≈**


You could see 2 death drakes, a crystal guardian and a swamp drake.

Levels and vault maps discovered:
D:        the_violet_keep_of_menkaure [sprint2_stairs_cluster_1,
          sprint2_shoproom, sprint2_temple, sprint2_basic_supplies,
          sprint2_obstacle_6, sprint2_obstacle_7, sprint2_obstacle_5,
          sprint2_obstacle_3, sprint2_obstacle_2, sprint2_timed_cluster_1,
          sprint2_smallroom_cluster_1, sprint2_smallroom_final_cluster_1,
          sprint2_transparent_cluster_1, sprint2_second_timed_cluster_1,
          sprint2_sniper_area_1, sprint2_heavy_combat_area_1,
          sprint2_mutation_trap_area_1, sprint2_forest_area_1,
          sprint2_light_combat_area_1, sprint2_behind_water_1,
          sprint2_near_end_vault_1]

Notes
Turn   | Place    | Note
-------+----------+-------------------------------------------
     0 | D        | ABBCCCDDDD the Minotaur Berserker began the quest for the
                  | Orb.
     0 | D        | Reached XP level 1. HP: 19/19 MP: 0/0
     1 | D        | Noticed a boulder beetle
     1 | D        | Noticed a boulder beetle
    12 | D        | HP: 1/30 [worm (11)]
    17 | D        | Reached ** piety under Trog
    18 | D        | Reached XP level 2. HP: 3/28 MP: 1/1
   110 | D        | Killed a water moccasin
   301 | D        | Found Awe Yrus's Book Emporium.
   301 | D        | Found Reuw's Jewellery Emporium.
   301 | D        | Found Gustui's Book Shoppe.
   301 | D        | Found Noumaidi's General Store.
   302 | D        | Found Fuikurio's Antique Weapon Shoppe.
   302 | D        | Found Zothruirgh's Jewellery Emporium.
   302 | D        | Found Siczivirr's Antique Armour Shoppe.
   302 | D        | Found Maoceeq's Distillery.
   303 | D        | Found Vusar's Distillery.
   303 | D        | Found Fapp's Antique Armour Emporium.
   303 | D        | Noticed a great orb of eyes
   305 | D        | Found Noumym's Weapon Emporium.
   305 | D        | Found Lugeuzuph's Antique Weapon Shoppe.
   305 | D        | Noticed Menkaure
   305 | D        | Noticed an oklob plant
   306 | D        | Found Coppiom's Magic Scroll Shoppe.
   306 | D        | Found Gukkot's Distillery.
   306 | D        | Found Xokka's Book Shoppe.
   306 | D        | Noticed a shining eye
   316 | D        | Killed Menkaure
   317 | D        | Reached skill level 5 in Dodging
   317 | D        | Reached XP level 3. HP: 10/38 MP: 2/2
   317 | D        | Reached XP level 4. HP: 12/45 MP: 3/3
   544 | D        | Noticed a manticore
   548 | D        | Noticed a manticore
   558 | D        | Noticed a shining eye
   558 | D        | Noticed a shining eye
   564 | D        | Bought a scroll of magic mapping for 42 gold pieces
   585 | D        | Noticed a merfolk siren
   599 | D        | Killed a merfolk siren
   600 | D        | Reached XP level 5. HP: 57/57 MP: 4/4
   600 | D        | Reached XP level 6. HP: 64/64 MP: 5/5
   658 | D        | Identified Roxanne's Handbook of Transformation
   658 | D        | Noticed Roxanne
   675 | D        | Reached *** piety under Trog
   676 | D        | Reached XP level 7. HP: 71/71 MP: 6/6
   679 | D        | Reached skill level 10 in Fighting
   679 | D        | Reached skill level 10 in Axes
   680 | D        | Reached skill level 10 in Armour
   746 | D        | Found a hazy altar of Hepliaklqana.
   746 | D        | Found a snail-covered altar of Cheibriados.
   747 | D        | Found a stormy altar of Qazlal.
   747 | D        | Found a viscous altar of Jiyva.
   747 | D        | Found a shadowy altar of Dithmenos.
   748 | D        | Found a sacrificial altar of Ru.
   748 | D        | Found an ancient bone altar of Kikubaaqudgha.
   748 | D        | Found a white marble altar of Elyvilon.
   749 | D        | Found an ornate altar of the Wu Jian Council.
   749 | D        | Found a shimmering blue altar of Sif Muna.
   749 | D        | Found a corrupted altar of Lugonu.
   750 | D        | Found a shimmering altar of Xom.
   750 | D        | Found a bloodstained altar of Trog.
   750 | D        | Found a burning altar of Makhleb.
   751 | D        | Found a glowing golden altar of the Shining One.
   751 | D        | Found a basalt altar of Yredelemnul.
   751 | D        | Found a hide-covered altar of Uskayaw.
   753 | D        | Found a glowing silver altar of Zin.
   753 | D        | Found a radiant altar of Vehumet.
   753 | D        | Found a blossoming altar of Fedhas.
   753 | D        | Found a sparkling altar of Nemelex Xobeh.
   753 | D        | Noticed a hornet
   753 | D        | Noticed a polar bear
   753 | D        | Noticed a polar bear
   754 | D        | Found an opulent altar of Gozag.
   754 | D        | Found an iron altar of Okawaru.
   754 | D        | Noticed a yaktaur
   754 | D        | Noticed a polar bear
   766 | D        | Killed a polar bear
   766 | D        | Reached **** piety under Trog
   767 | D        | Reached XP level 8. HP: 82/82 MP: 7/7
   773 | D        | Killed a polar bear
   774 | D        | Reached skill level 10 in Dodging
   779 | D        | Killed a polar bear
   784 | D        | Killed a hornet
   789 | D        | Killed a yaktaur
  1006 | D        | Noticed a death drake
  1007 | D        | Noticed a crystal guardian
  1008 | D        | Noticed a death drake
  1018 | D        | HP: 5/126 [crystal guardian/crystal bolt (48)]
  1019 | D        | Slain by a death drake

Table legend: (Time is in decaauts)
 A = Elapsed time spent in this place.
 B = Non-inter-level travel time spent in this place.
 C = Inter-level travel time spent in this place.
 D = Time resting spent in this place.
 E = Time spent auto-exploring this place.
 F = Levels seen in this place.
 G = Mean time per level.
                   A        B        C        D        E       F      G
               +--------+--------+--------+--------+--------+-----+--------+
         Total |   1039 |   1028 |     11 |    816 |      0 |   1 | 1039.0 |
       Dungeon |   1039 |   1028 |     11 |    816 |      0 |   1 | 1039.0 |
               +--------+--------+--------+--------+--------+-----+--------+

Top non-repeatable levels by time:
       D: 1039 daAuts

Table legend:
 A = Kills in this place as a percentage of kills in entire the game.
 B = Kills by you in this place as a percentage of kills by you in the entire game.
 C = Kills by friends in this place as a percentage of kills by friends in the entire game.
 D = Other kills in this place as a percentage of other kills in the entire game.
 E = Experience gained in this place as a percentage of experience gained in the entire game.
 F = Experience gained in this place divided by the number of levels of this place that you have seen.
                   A       B       C       D       E      F
               +-------+-------+-------+-------+-------+----------------------
         Total | 100.0 | 100.0 |   N/A |   N/A | 100.0 | 2783.0
       Dungeon | 100.0 | 100.0 |   N/A |   N/A | 100.0 | 2783.0
               +-------+-------+-------+-------+-------+----------------------

Action                   |  1- 3 |  4- 6 |  7- 9 || total
-------------------------+-------+-------+-------++-------
Melee: Hand axe          |    12 |     5 |    40 ||    57
       Headbutt          |     2 |     5 |    11 ||    18
Invok: Berserk           |     2 |     2 |     2 ||     6
       Trog's Hand       |     1 |     1 |     1 ||     3
  Use: Scroll            |       |     1 |       ||     1
       Potion            |       |       |     2 ||     2
Armor: Animal skin       |       |       |     1 ||     1
Dodge: Dodged            |     3 |     2 |    18 ||    23

Vanquished Creatures
  A merfolk siren (D)
  A yaktaur (D)
  3 polar bears (D)
  A hornet (D)
  Menkaure (D)
  A swamp drake (D)
  4 necrophages (D)
  3 worms (D)
15 creatures vanquished.

Vanquished Creatures (others)
  A water moccasin (D)
1 creature vanquished.

Grand Total: 16 creatures vanquished
